 Dungeon Crawl Stone Soup version 0.28.0 (webtiles) character file.

Game seed: 9599594350970190500

275 unlimited1921 the Firebug (level 5, -1/38 HPs)
             Began as a Demigod Fire Elementalist on Feb 13, 2022.
             Slain by a black bear (9 damage)
             ... on level 4 of the Dungeon.
             The game lasted 00:16:03 (7937 turns).

unlimited1921 the Firebug (DgFE)                    Turns: 7937, Time: 00:16:04

Health: -1/38      AC:  3    Str:  9    XL:     5   Next: 73%
Magic:  1/12       EV: 11    Int: 21    God:
Gold:   110        SH:  0    Dex: 14    Spells: 4/10 levels left

rFire   + . .      SeeInvis .   b - +0 hand axe
rCold   . . .      Faith    .   (no shield)
rNeg    . . .      Spirit   .   c - +0 leather armour
rPois   .          Reflect  .   (no helmet)
rElec   .          Harm     .   (no cloak)
rCorr   .          Rampage  .   (no gloves)
Will    .....                   (no boots)
Stlth   ++........              (no amulet)
HPRegen 0.12/turn               d - ring of protection from fire
MPRegen 0.13/turn               j - ring of flight

@: flying
A: high MP 1, forlorn, divine attributes
a: no special abilities


You were on level 4 of the Dungeon.
You visited 1 branch of the dungeon, and saw 4 of its levels.

You collected 140 gold pieces.
You spent 30 gold pieces at shops.

Inventory:

Hand Weapons
 b - a +0 hand axe (weapon)
 x - a +0 war axe
Missiles
 g - 125 stones
 t - 3 poisoned darts (quivered)
 u - 15 bolts
 w - 2 boomerangs
Armour
 a - a +0 robe
 c - a +0 leather armour (worn)
 h - a +0 scale mail
 q - a +1 ring mail of positive energy
Jewellery
 d - a ring of protection from fire (left hand)
 j - a ring of flight (right hand)
Wands
 y - a wand of iceblast (14)
Scrolls
 e - a scroll of identify {unknown}
 i - 2 scrolls of enchant weapon {unknown}
 k - 2 scrolls of teleportation {unknown}
 l - 2 scrolls of immolation {unknown}
 m - a scroll of summoning {unknown}
 v - a scroll of fear {unknown}
Potions
 f - 2 potions of degeneration {unknown}
 n - a potion of might {unknown}
 o - a potion of curing
 p - 3 potions of magic {unknown}
 r - a potion of mutation {unknown}
 s - 3 potions of flight {unknown}
 z - a potion of heal wounds {unknown}


   Skills:
 + Level 1.3 Axes
 + Level 0.8 Armour
 + Level 1.9 Dodging
 + Level 2.1 Stealth
 + Level 3.0 Spellcasting
 + Level 2.3 Conjurations
 + Level 4.2 Fire Magic


You had 4 spell levels left.
You knew the following spells:

 Your Spells              Type           Power      Damage    Failure   Level
a - Foxfire               Conj/Fire      68%        2x1d7     4%          1
b - Scorch                Fire           42%        2d7       4%          2
c - Inner Flame           Hex/Fire       12%        N/A       22%         3

Your spell library contained the following spells:

 Spells                   Type           Power      Damage    Failure   Level
 Conjure Flame            Conj/Fire      17%        6-21      14%         3
 Summon Small Mammal      Summ           12%        N/A       19%         1
 Ignite Poison            Fire/Tmut/Pois 9%         N/A       30%         3
 Mephitic Cloud           Conj/Pois/Air  6%         N/A       36%         3
 Flame Wave               Conj/Fire      17%        2d6       43%         4
 Call Canine Familiar     Summ           3%         N/A       47%         3
 Ozocubu's Armour         Ice            3%         N/A       47%         3
 Summon Guardian Golem    Hex/Summ       3%         N/A       47%         3
 Freezing Cloud           Conj/Ice/Air   3%         6-21      98%         5
 Metabolic Englaciation   Hex/Ice        1%         N/A       99%         5
 Simulacrum               Ice/Necr       1%         N/A       100%        6


Dungeon Overview and Level Annotations

Branches:
Dungeon (4/15)
 Temple: D:4-7

Shops:
D:3 !


Innate Abilities, Weirdness & Mutations

You have an increased reservoir of magic. (+10% MP)
You shall have no god before yourself.
Your divine heritage dramatically boosts your attributes as you level up.


Message History

Confirm with . or Enter, or press ? or * to list all spells.
You conjure some foxfire!
The foxfire hits the black bear.
The black bear is lightly wounded.
The foxfire hits the black bear.
The black bear is moderately wounded.
The foxfire hits the black bear.
The black bear is moderately wounded.
You see here a scroll labelled GAFEGO SYIFFA.
The foxfire hits the black bear.
The black bear is moderately wounded.
Casting: Foxfire (safe; 4% risk of failure)
Confirm with . or Enter, or press ? or * to list all spells.
You conjure some foxfire!
The black bear misses you. The black bear claws you. x2
Your foxfire dissipates!
The foxfire hits the black bear.
The black bear is moderately wounded.
Casting: Foxfire (safe; 4% risk of failure)
Confirm with . or Enter, or press ? or * to list all spells.
You conjure some foxfire!
The black bear misses you. The black bear claws you.
The black bear closely misses you.
The foxfire hits the black bear.
The black bear is heavily wounded.
The foxfire hits the black bear.
The black bear is severely wounded.
You hit the black bear.
The black bear is almost dead.
The black bear goes berserk!
You hit the black bear.
The black bear is almost dead.
The black bear bites you. The black bear barely misses you.
The black bear claws you but does no damage.
The black bear bites you. The black bear closely misses you.
The black bear claws you.
You barely miss the black bear.
The black bear is almost dead.
The black bear bites you! The black bear claws you. x2
* * * LOW HITPOINT WARNING * * *
The black bear bites you!
You die...

#.....# #..# #...#.##.
......# #..# #########.##.
#...... ###..##
#.........##. ....... .....#
#.##########. ..##...#..
#...# #<# #[ ..###.##..
###...####.####### #.
..........
#................. ..
..##.##.###...........######
........##....@..##..# . .
...........h..##..... .. #.
#..##.......##.####
...#.###[........<.##.#
.........###.......##.#
#..#..?†########.####.#
..#.†.........#.#
#.........####.#.####.#
......................#


You could see a black bear (berserk).

Vanquished Creatures
  A scorpion (D:4)
  A hound (D:4)
  An orc priest (D:3)
  Terence (D:3)
  An iguana (D:4)
  An orc wizard (D:3)
  2 adders
  2 dart slugs
  8 orcs (D:3)
  6 ball pythons
  3 bats
  5 endoplasms
  2 giant cockroaches
  2 goblins
  4 hobgoblins
  3 jackals (D:3)
  A quokka (D:4)
  3 kobolds
  4 rats
51 creatures vanquished.

Vanquished Creatures (others)
  214 foxfires
  62 plants (D:3)
276 creatures vanquished.

Grand Total: 327 creatures vanquished

Notes
Turn   | Place    | Note
-------+----------+-------------------------------------------
     0 | D:1      | unlimited1921 the Demigod Fire Elementalist began the quest
                  | for the Orb.
     0 | D:1      | Reached XP level 1. HP: 14/14 MP: 5/5
   404 | D:1      | Reached skill level 1 in Conjurations
   549 | D:1      | Reached skill level 3 in Fire Magic
  1055 | D:1      | Reached XP level 2. HP: 11/20 MP: 1/7
  4382 | D:2      | Learned a level 2 spell: Scorch
  4574 | D:3      | Reached XP level 3. HP: 26/26 MP: 3/8
  4722 | D:3      | Found Qoofoabb's Distillery.
  4729 | D:3      | Bought a potion of curing for 30 gold pieces
  4733 | D:3      | Noticed Terence
  4757 | D:3      | Killed Terence
  5707 | D:3      | Reached XP level 4. HP: 31/33 MP: 1/10
  6476 | D:4      | Learned a level 3 spell: Inner Flame
  7008 | D:4      | Noticed a black bear
  7011 | D:4      | Reached skill level 1 in Axes
  7011 | D:4      | Reached XP level 5. HP: 38/38 MP: 2/11
  7905 | D:4      | Reached skill level 4 in Fire Magic
  7937 | D:4      | Slain by a black bear

Illustrated notes

Levels and vault maps discovered:
D:1:      zelgadis_glass_arrival_small, layout_basic
D:2:      layout_rooms, basic_altar, minmay_vboxes
D:3:      layout_rooms, serial_shops, nicolae_diamond_shop,
          chequers_ecumenical_altar_simple, serial_bayou_lagoon_a, fountainhead,
          uniq_terence
D:4:      layout_loops_ring, nicolae_ossuary_entry_catacombs

Skill      XL: |  1  2  3  4  5 |
---------------+----------------+-----
Conjurations   | 1 2 |  2.3
Fire Magic     | 3 4 |  4.2
Spellcasting   | 2 3 |  3.0
Stealth        | 2 |  2.1
Axes           | 1 |  1.3
Armour         | |  0.8
Dodging        | |  1.9

Action                   |  1- 3 |  4- 6 || total
-------------------------+-------+-------++-------
Melee: Hand axe          |    85 |    40 ||   125
       Punch             |     4 |     2 ||     6
 Cast: Foxfire           |    77 |    51 ||   128
       Scorch            |     7 |     4 ||    11
Armor: Leather armour    |     4 |     2 ||     6
Dodge: Dodged            |    17 |    18 ||    35
